 Dungeon Crawl Stone Soup version 0.28-a0-726-g4a9143789a (webtiles) character file.

Game seed: 11616035499363170958

43 cheechan the Sneak (level 3, 0/29 HPs)
             Began as a Formicid Delver on Oct 27, 2021.
             Slain by Ijyb (5 damage)
             ... on level 3 of the Dungeon.
             The game lasted 00:03:52 (1598 turns).

cheechan the Sneak (Formicid Delver)                Turns: 1598, Time: 00:03:53

Health: 0/29       AC:  3    Str: 17    XL:     3   Next: 82%
Magic:  3/3        EV: 12    Int:  9    God:
Gold:   51         SH:  0    Dex: 12    Spells: 2/2 levels left

rFire   . . .      SeeInvis +   a - +0 hand axe
rCold   . . .      Faith    .   (no shield)
rNeg    + . .      Spirit   .   b - +0 leather armour
rPois   .          Reflect  .   (helmet unavailable)
rElec   .          Harm     .   (no cloak)
rCorr   .          Rampage  .   (no gloves)
Will    .....                   (no boots)
Stlth   +++.......              (no amulet)
HPRegen 0.09/turn               j - ring of positive energy
MPRegen 0.08/turn               (no ring)

@: no status effects
A: permanent stasis, dig shafts and tunnels, antennae 3, four strong arms
a: Dig, Shaft Self


You were on level 3 of the Dungeon.
You visited 1 branch of the dungeon, and saw 3 of its levels.

You collected 51 gold pieces.

Inventory:

Hand Weapons
 a - a +0 hand axe (weapon)
 h - a +0 hand axe
Missiles
 g - 50 stones
 i - 19 bolts
Armour
 b - a +0 leather armour (worn)
Jewellery
 j - a ring of positive energy (left hand)
Wands
 f - a wand of digging (3)
Scrolls
 c - a scroll of fog
 d - a scroll of magic mapping
Potions
 k - a potion of curing {unknown}
 l - a potion of haste {unknown}
 m - a potion of degeneration {unknown}


   Skills:
 + Level 3.5 Fighting
 + Level 2.4 Axes
 + Level 1.2 Armour
 + Level 2.0 Dodging
 + Level 6.6 Stealth


You had 2 spell levels left.
You didn't know any spells.
Your spell library contained the following spells:

 Spells                   Type           Power      Damage    Failure   Level
 Slow                     Hex            0%         N/A       58%         2
 Confusing Touch          Hex            0%         N/A       82%         3
 Yara's Violent Unravell  Hex/Tmut       0%         3d3       100%        5


Dungeon Overview and Level Annotations

Branches:
Dungeon (5/15)
 Temple: D:4-7

Altars:
Ru

Annotations:
D:3 Ijyb


Innate Abilities, Weirdness & Mutations

You cannot be hasted, slowed, berserked, paralysed or teleported.
You can dig through walls and to a lower floor.
You have a pair of large antennae on your head. (SInv)
Your four strong arms can wield two-handed weapons with a shield.


Message History

Ijyb is heavily wounded.
Ijyb closely misses you.
You hit Ijyb but do no damage.
Ijyb is heavily wounded.
Ijyb hits you but does no damage.
You closely miss Ijyb.
Ijyb is heavily wounded.
Ijyb closely misses you.
You hit Ijyb but do no damage.
Ijyb is heavily wounded.
Ijyb closely misses you.
You hit Ijyb but do no damage.
Ijyb is heavily wounded.
Ijyb closely misses you. x2
You closely miss Ijyb.
Ijyb is heavily wounded.
Ijyb screams, "I cut your head off!" Ijyb hits you with a +0 club.
You barely miss Ijyb.
Ijyb is heavily wounded.
Ijyb closely misses you.
You hit Ijyb but do no damage.
Ijyb is heavily wounded.
Ijyb hits you with a +0 club.
* * * LOW HITPOINT WARNING * * *
You closely miss Ijyb.
Ijyb is heavily wounded.
Ijyb hits you with a +0 club.
* * * LOW HITPOINT WARNING * * *
You closely miss Ijyb.
Ijyb is heavily wounded.
Ijyb misses you. Ijyb hits you with a +0 club.
* * * LOW HITPOINT WARNING * * *
You hit Ijyb.
Ijyb is severely wounded.
Ijyb closely misses you.
You closely miss Ijyb.
Ijyb is severely wounded.
Ijyb hits you with a +0 club.
You die...

..'............[#.....#
..###############.#.#.#
........... ..#.#
........... ... .
...÷...## #######+#+#..
#.......... #...........#
........... #..:.........
#.......... #...g...?....
..#.##....# #...@........
..#.##....###...........#
..#.##....#.............#
..'.##.####.............#
..####.# #.............#
.## #.# #..†..........#
.# #.# #.$............ ##
#.# #.............. #.#
#..............


You could see Ijyb.

Vanquished Creatures
  A hound zombie (D:5)
  A dart slug (D:3)
  5 orcs
  An endoplasm (D:3)
  2 goblins (D:3)
  4 hobgoblins (D:3)
  3 quokkas
  A ball python (D:3)
  A frilled lizard (D:3)
19 creatures vanquished.

Notes
Turn   | Place    | Note
-------+----------+-------------------------------------------
     0 | D:5      | cheechan the Formicid Delver began the quest for the Orb.
     0 | D:5      | Reached XP level 1. HP: 18/18 MP: 1/1
    65 | D:5      | Noticed an orc priest
    65 | D:5      | Noticed an orc priest
    96 | D:5      | Noticed a gnoll shaman
   479 | D:5      | Reached XP level 2. HP: 17/24 MP: 2/2
   531 | D:5      | Reached XP level 3. HP: 6/29 MP: 3/3
   838 | D:4      | Noticed a lemure
   859 | D:3      | Reached skill level 1 in Armour
  1081 | D:3      | Found a sacrificial altar of Ru.
  1430 | D:3      | Noticed Ijyb
  1443 | D:3      | HP: 1/29 [Ijyb (2)]
  1598 | D:3      | Slain by Ijyb

Illustrated notes

Levels and vault maps discovered:
D:3:      layout_basic, general_overflow_altar, gammafunk_ghost_cemetery,
          uniq_ijyb
D:4:      layout_basic, minmay_temple_entry_wispy, grunt_decor_mini_mirrors,
          serial_bayou_pond_b, kennysheep_small_circle, uniq_pikel
D:5:      layout_loops_ring, nemelex_xobeh_ov_fountains_minmay, serial_shops,
          shop, uniq_crazy_yiuf_cottage, uniq_grinder, uniq_eustachio

Skill      XL: |  1  2  3 |
---------------+----------+-----
Dodging        | 2 |  2.0
Armour         | 1 |  1.2
Fighting       | |  3.5
Axes           | |  2.4
Stealth        | |  6.6

Action                   || total
-------------------------++-------
Melee: Hand axe          ||   109
 Abil: Dig               ||     9
  Use: Scroll            ||     3
 Stab: Sleeping          ||     1
Armor: Leather armour    ||    16
Dodge: Dodged            ||    67

Table legend: (Time is in decaauts)
 A = Elapsed time spent in this place.
 B = Non-inter-level travel time spent in this place.
 C = Inter-level travel time spent in this place.
 D = Time resting spent in this place.
 E = Time spent auto-exploring this place.
 F = Levels seen in this place.
 G = Mean time per level.
                   A        B        C        D        E       F      G
               +--------+--------+--------+--------+--------+-----+--------+
         Total |   1657 |   1657 |      0 |    748 |      0 |   3 |  552.3 |
       Dungeon |   1657 |   1657 |      0 |    748 |      0 |   3 |  552.3 |
               +--------+--------+--------+--------+--------+-----+--------+

Top non-repeatable levels by time:
     D:3: 767 daAuts
     D:5: 601 daAuts
     D:4: 288 daAuts
